 Dungeon Crawl Stone Soup version 0.28-a0-401-ge240ad9e29 (webtiles) character file.

Game seed: 17593494133206670106

5779 ytrimaz the Martial Artist (level 10, -4/68 HPs)
             Began as an Octopode Transmuter on Sept 4, 2021.
             Was a Believer of Dithmenos.
             Slain by an orc warrior (17 damage)
             ... on level 9 of the Dungeon.
             The game lasted 00:32:11 (18970 turns).

ytrimaz the Martial Artist (Octopode Transmuter)   Turns: 18970, Time: 00:32:12

Health: -4/68      AC: -2    Str: 10    XL:     10   Next: 78%
Magic:  14/20      EV: 29    Int: 25    God:    Dithmenos [**....]
Gold:   539        SH:  5    Dex: 17    Spells: 13/23 levels left

rFire   . . .      SeeInvis .     - Unarmed
rCold   + . .      Faith    .   (shield currently unavailable)
rNeg    + . .      Spirit   .   (helmet currently unavailable)
rPois   .          Reflect  +   e - amulet of Suicidal Tendencies {Reflect rElec rPois SH+5}
rElec   +          Harm     .   d - +4 ring of evasion
rCorr   .          Rampage  .   n - ring of positive energy
Will    .....                   t - +6 ring of intelligence
Stlth   +++.......              v - ring of protection from cold
HPRegen 0.21/turn               (no ring)
MPRegen 0.17/turn               (no ring)
                                (no ring)
                                (no ring)

@: spider-form, wereblooded, corroded, wreathed by umbra
A: venomous fangs, almost no armour, (amphibious), 8 rings, tiny, (camouflage
1), (gelatinous body 1), (nimble swimmer 1), (tentacles)
a: End Transformation, Renounce Religion, Shadow Step


You were on level 9 of the Dungeon.
You worshipped Dithmenos.
Dithmenos was pleased with you.
You were a venomous arachnid creature.
You visited 3 branches of the dungeon, and saw 11 of its levels.

You collected 1458 gold pieces.
You spent 919 gold pieces at shops.

Inventory:

Missiles
 a - 53 poisoned darts (quivered)
 g - a throwing net
 r - 4 curare-tipped darts
Magical Staves
 m - a staff of death
Jewellery
 d - a +4 ring of evasion (left front leg)
 e - the amulet of Suicidal Tendencies (around neck) {Reflect rElec rPois SH+5}
   (You bought it in a shop on level 1 of the Dungeon)

   [amulet of reflection]

   It reflects blocked missile attacks.
   rElec:     It insulates you from electricity.
   rPois:     It protects you from poison.
   SH:        It affects your SH (+5).
 n - a ring of positive energy (right front leg)
 t - a +6 ring of intelligence (on tentacle)
 v - a ring of protection from cold (on tentacle)
Wands
 b - a wand of flame (32)
 f - a wand of iceblast (11)
 k - a wand of acid (7)
 q - a wand of paralysis (7)
Scrolls
 i - a scroll of silence
 u - a scroll of teleportation
Potions
 c - 3 potions of lignification
 h - 2 potions of curing
 j - 3 potions of attraction
 l - a potion of ambrosia
 o - a potion of haste {unknown}
 p - a potion of heal wounds
 s - 3 potions of flight
 w - a potion of mutation {unknown}


   Skills:
 * Level 6.1 Fighting
 * Level 7.7 Dodging
 - Level 2.2 Stealth
 - Level 8.0 Unarmed Combat
 * Level 7.2 Spellcasting
 - Level 7.0 Transmutations


You had 13 spell levels left.
You knew the following spells:

 Your Spells              Type           Power      Damage    Failure   Level
a - Beastly Appendage     Tmut           88%        N/A       3%          1
b - Wereblood             Tmut           44%        N/A       3%          2
c - Spider Form           Tmut/Pois      13%        N/A       14%         3
d - Ice Form              Ice/Tmut       26%        N/A       34%         4

Your spell library contained the following spells:

 Spells                   Type           Power      Damage    Failure   Level
 Corona                   Hex            10%        N/A       19%         1
 Blink                    Tloc           N/A        N/A       24%         2
 Corpse Rot               Necr/Air       N/A        N/A       24%         2
 Ensorcelled Hibernation  Hex/Ice        18%        N/A       24%         2
 Tukima's Dance           Hex            9%         N/A       41%         3
 Dispel Undead            Necr           9%         3d8       75%         4
 Manifold Assault         Tloc           9%         N/A       96%         5
 Death Channel            Necr           4%         N/A       100%        6
 Storm Form               Tmut/Air       13%        N/A       100%        7


Dungeon Overview and Level Annotations

Branches:
Dungeon (9/15)             Temple (1/1) D:4            Lair (1/6) D:8
    Orc: D:9-12

Altars:
Ashenzari
Cheibriados
Dithmenos
Elyvilon
Fedhas
Gozag
Hepliaklqana
Kikubaaqudgha
Makhleb
Nemelex Xobeh
Okawaru
Qazlal
Ru
Sif Muna
Trog
Uskayaw
Vehumet
Wu Jian
Xom
Yredelemnul
Zin
The Shining One

Shops:
D:1 =(!(:   D:3 [

Annotations:
D:4 yellowboar's ghost, amateur TrBe


Innate Abilities, Weirdness & Mutations

You are a venomous arachnid creature.
You have poisonous fangs.
You are tiny and dextrous.
Your spellcasting is less reliable in this form.
Your armour is entirely melded.
You are incapable of wielding weapons or throwing items.
You cannot wear most types of armour.
((You are amphibious.))
You can wear up to eight rings at the same time.
((Your skin changes colour to match your surroundings (Stealth+).))
((Your rubbery body absorbs attacks. (AC +1, EV +1)))
((You are camouflaged near water. (Stealth+)))
((You have tentacles for arms and can constrict up to eight enemies at once.))


Message History

You hit the acid dragon.
You feel a bit better.
You kill the acid dragon!
Dithmenos accepts your kill.
You hiss as the wereblood boils in your veins!
You block the wyvern's attack.
The wyvern hisses menacingly.
The wyvern completely misses you.
You bite the wyvern!
The wyvern is poisoned.
The wyvern is heavily wounded.
The wyvern bites you!! You block the orc's attack.
You hit the wyvern.
The wyvern looks as sick as possible!
The wyvern is severely wounded.
The wyvern bites you.
The orc priest miscasts a cantrip.
Your magical contamination has completely faded away.
You bite the wyvern!
You feel a bit better.
You kill the wyvern!
Dithmenos accepts your kill. The orc misses you.
An orc warrior comes into view. It is wielding a +0 hand axe.
The orc priest mumbles some strange prayers to Beogh against you.
Beogh smites you!
* * * LOW HITPOINT WARNING * * *
An orc comes into view. It is wielding a +0 club.
You bite the orc!
You feel a bit better.
You kill the orc!
Dithmenos accepts your kill.
The orc priest invokes the aid of Beogh against you.
Pain shoots through your body!
* * * LOW HITPOINT WARNING * * *
You see here a +0 club.
The orc priest calls down the wrath of Beogh upon you.
Pain shoots through your body!
* * * LOW HITPOINT WARNING * * *
You block the orc warrior's attack. You block the orc priest's attack.
You see here a wyvern corpse.
The orc priest barely misses you.
You completely miss the orc priest.
The orc warrior hits you with a +0 hand axe!
You die...

......#.............#
....(.#.............##
.###..##.....#.......#
##.....#....##.......#
.......#..######..#..#
......8### #..####
...######## #..# ####
....## ##.#
......##s.###
......ooo...#
.......)..#..#
...........#..#
...........##...
...........# ##.
...........#
.(........##
.....)....#


You could see an orc warrior, an orc priest and an orc.

Vanquished Creatures
  A troll (D:8)
  A hornet (D:8)
  A wyvern (D:9)
  3 yaks (D:9)
  2 water moccasins
  2 acid dragons (D:9)
  5 orc warriors
  A sky beast (D:6)
  5 ice beasts
  2 ogres
  A necrophage (D:7)
  4 wolves (D:8)
  A kobold brigand (D:6)
  Blork the orc (D:6)
  3 bullfrogs
  A scorpion (D:6)
  11 killer bees (D:9)
  4 electric eels (D:8)
  3 jellies (D:6)
  4 wights
  3 howler monkeys
  2 bullfrog zombies
  2 centaur zombies
  7 hounds
  3 centaur skeletons
  6 orc priests
  Jessica (D:3)
  3 iguanas (D:6)
  5 orc wizards
  A killer bee zombie (D:6)
  2 hound skeletons
  3 howler monkey zombies
  20 gnolls
  6 adders
  2 white imps
  2 ufetubi
  4 worms
  2 dart slugs
  48 orcs
  5 ball pythons
  7 endoplasms
  3 giant cockroaches
  6 goblins
  3 hobgoblins
  15 jackals
  4 quokkas
  4 bats
  10 kobolds
  4 rats
239 creatures vanquished.

Vanquished Creatures (others)
  An orc (D:3)
  4 plants (D:3)
5 creatures vanquished.

Grand Total: 244 creatures vanquished

Notes
Turn   | Place    | Note
-------+----------+-------------------------------------------
     0 | D:1      | ytrimaz the Octopode Transmuter began the quest for the
                  | Orb.
     0 | D:1      | Reached XP level 1. HP: 13/13 MP: 3/3
   258 | D:1      | Found Searer's Book Shoppe.
   646 | D:1      | Reached XP level 2. HP: 10/18 MP: 3/5
   768 | D:1      | Found Moestragy's Distillery.
   785 | D:1      | Found Reiqinn's Antique Weapon Shoppe.
   950 | D:1      | Found Biwy's Jewellery Emporium.
  1265 | D:1      | Found Velypp's Weapon Shoppe.
  2493 | D:2      | Reached XP level 3. HP: 23/23 MP: 4/6
  2763 | D:2      | Found a faded altar of an unknown god.
  3359 | D:2      | Identified a scroll of acquirement
  3359 | D:2      | Acquired 761 gold pieces
  3510 | D:1      | Bought a +4 ring of evasion for 360 gold pieces
  3510 | D:1      | Bought the amulet of Suicidal Tendencies {Reflect rElec
                  | rPois SH+5} for 482 gold pieces
  3830 | D:3      | Learned a level 2 spell: Wereblood
  3844 | D:3      | Reached XP level 4. HP: 29/29 MP: 5/7
  4325 | D:3      | Reached XP level 5. HP: 32/34 MP: 9/9
  4913 | D:3      | Reached skill level 4 in Unarmed Combat
  4921 | D:3      | Reached XP level 6. HP: 30/41 MP: 10/10
  5644 | D:3      | Found Ymuuvut's Antique Armour Shop.
  5759 | D:3      | Found an ornate altar of the Wu Jian Council.
  6067 | D:3      | Reached XP level 7. HP: 8/45 MP: 12/12
  6884 | D:3      | Noticed Jessica
  6894 | D:3      | Killed Jessica
  7247 | D:1      | Bought a potion of curing for 33 gold pieces
  7247 | D:1      | Bought a potion of degeneration for 11 gold pieces
  7247 | D:1      | Bought a potion of attraction for 33 gold pieces
  7519 | D:4      | Noticed yellowboar's ghost (amateur TrBe)
  7525 | D:4      | Found a transporter.
  7540 | D:4      | Found a transporter.
  7725 | D:4      | Reached skill level 5 in Unarmed Combat
  7856 | D:4      | Found a staircase to the Ecumenical Temple.
  7967 | Temple   | Entered the Ecumenical Temple
  8040 | Temple   | Became a worshipper of Dithmenos the Shadowed
  8452 | D:5      | Entered Level 5 of the Dungeon
  8694 | D:5      | Reached skill level 1 in Stealth
 10079 | D:6      | Reached XP level 8. HP: 39/52 MP: 11/14
 10168 | D:6      | Noticed Blork the orc
 10178 | D:6      | Killed Blork the orc
 10555 | D:6      | Learned a level 3 spell: Spider Form
 12056 | D:6      | Learned a level 4 spell: Ice Form
 12135 | D:6      | Reached skill level 6 in Unarmed Combat
 12147 | D:6      | Reached skill level 5 in Spellcasting
 12147 | D:6      | Reached skill level 5 in Transmutations
 12424 | D:6      | Reached XP level 9. HP: 15/58 MP: 10/16
 12960 | D:6      | Reached * piety under Dithmenos
 13148 | D:6      | Reached skill level 5 in Dodging
 14552 | D:7      | Reached skill level 7 in Unarmed Combat
 15032 | D:7      | Reached skill level 5 in Fighting
 15428 | D:7      | Found a white marble altar of Elyvilon.
 16348 | D:8      | Reached XP level 10. HP: 35/66 MP: 15/19
 16869 | D:8      | Found a shimmering blue altar of Sif Muna.
 16869 | D:8      | Found a faded altar of an unknown god.
 16876 | D:8      | Found a faded altar of an unknown god.
 16878 | D:8      | Found a shimmering altar of Xom.
 16880 | D:8      | Found a hazy altar of Hepliaklqana.
 16950 | D:8      | Reached skill level 8 in Unarmed Combat
 17151 | D:8      | Found an ancient bone altar of Kikubaaqudgha.
 17151 | D:8      | Found a radiant altar of Vehumet.
 17155 | D:8      | Reached ** piety under Dithmenos
 17440 | D:8      | Found a staircase to the Lair.
 17757 | Lair:1   | Entered Level 1 of the Lair of Beasts
 18578 | D:9      | Found a basalt altar of Yredelemnul.
 18970 | D:9      | Slain by an orc warrior

Illustrated notes

Levels and vault maps discovered:
D:1:      heliophobic_arrival_battle_scene, layout_basic, serial_shops,
          nicolae_square_shop, shop, shop,
          nicolae_shop_competitors_out_of_business, nicolae_shop_trees
D:2:      layout_loops_corners, dreamdust_ecumenical_altar_angels_and_demons,
          serial_bayou_pond_c
D:3:      lemuel_castle_with_subvaults [lemuel_castle_interior_carwin_1],
          layout_loops_ring, pdpol_wu_jian_five_deadly_venoms, serial_shops,
          nicolae_lakefront_shop, uniq_jessica
D:4:      layout_loops_corners, minmay_temple_entry_tees, gammafunk_ghost_arena
D:5:      layout_basic
D:6:      layout_basic, minmay_joined_circles, uniq_blork_the_orc
D:7:      layout_layer_cave, mainiacjoe_overflow_surrounded_room,
          lightli_orcish_oven
D:8:      layout_rooms, chequers_temple_overflow_minitemple,
          jmf_multi_god_temple, erik_lair_island
D:9:      kennysheep_spiral_hall, layout_cave_pods,
          mainiacjoe_overflow_chevrons, serial_glass, glass_columns_b,
          glass_columns_c, due_unseen_surprise, item_on_display_a,
          item_on_display_a
Temple:   zaba_magenta_temple
Lair:1:   minmay_lair_venomous_thicket, layout_cave_pods, special_room
          [special_room_bee], chequers_serial_rivers_micro_a,
          serial_bayou_shore_a

Skill      XL: |  1  2  3  4  5  6  7  8  9 10 |
---------------+-------------------------------+-----
Fighting       | 2 3 4 5 6 |  6.1
Transmutations | 3 5 6 7 |  7.0
Spellcasting   | 3 4 5 6 7 |  7.2
Unarmed Combat | 4 5 6 7 8 |  8.0
Dodging        | 3 4 5 7 |  7.7
Stealth        | 1 2 |  2.2

Action                   |  1- 3 |  4- 6 |  7- 9 | 10-12 || total
-------------------------+-------+-------+-------+-------++-------
Melee: Unarmed           |    81 |   154 |   391 |   180 ||   806
       Constrict         |    21 |    47 |    48 |     3 ||   119
       Kick              |    19 |    27 |    28 |     1 ||    75
       Tentacles         |    13 |    26 |    45 |     2 ||    86
       Punch             |     4 |     3 |     7 |     3 ||    17
Throw: Dart              |       |     7 |     3 |       ||    10
 Cast: Beastly Appendage |    21 |    12 |    18 |     3 ||    54
       Wereblood         |       |     1 |    21 |     6 ||    28
       Spider Form       |       |       |    21 |    10 ||    31
       Ice Form          |       |       |       |     4 ||     4
Evoke: Wand              |       |     1 |       |       ||     1
  Use: Scroll            |     6 |       |    11 |     3 ||    20
       Potion            |       |     2 |       |       ||     2
 Stab: Sleeping          |     6 |     7 |     6 |     3 ||    22
       Distracted        |       |       |     1 |       ||     1
Armor: Skin              |     8 |     3 |    10 |     7 ||    28
Dodge: Dodged            |    55 |    81 |   331 |   253 ||   720
Block: Other             |     7 |    24 |    68 |    47 ||   146
       Reflection        |     1 |     1 |     2 |       ||     4

Table legend: (Time is in decaauts)
 A = Elapsed time spent in this place.
 B = Non-inter-level travel time spent in this place.
 C = Inter-level travel time spent in this place.
 D = Time resting spent in this place.
 E = Time spent auto-exploring this place.
 F = Levels seen in this place.
 G = Mean time per level.
                   A        B        C        D        E       F      G
               +--------+--------+--------+--------+--------+-----+--------+
         Total |  18891 |  18424 |    467 |   9079 |   5924 |  11 | 1717.4 |
       Dungeon |  18802 |  18345 |    457 |   9079 |   5924 |   9 | 2089.1 |
        Temple |     87 |     77 |     10 |      0 |      0 |   1 |   87.0 |
          Lair |      1 |      1 |      0 |      0 |      0 |   1 |    1.0 |
               +--------+--------+--------+--------+--------+-----+--------+

Top non-repeatable levels by time:
     D:6: 3737 daAuts
     D:3: 3418 daAuts
     D:5: 2222 daAuts
     D:2: 1936 daAuts
     D:1: 1930 daAuts
     D:7: 1857 daAuts
     D:8: 1467 daAuts
     D:9: 1171 daAuts
     D:4: 1061 daAuts
  Temple: 87 daAuts
  Lair:1: 1 daAuts
